 Dungeon Crawl Stone Soup version 0.29.0-11-gd7f09526c8 (webtiles) character file.

Game seed: 4458872251390728881

2571 Flugkiller the Cleaver (level 9, -1/80 HPs)
             Began as a Minotaur Fighter on Sept 4, 2022.
             Was a Follower of Cheibriados.
             Succumbed to a hornet's poison
             ... on level 7 of the Dungeon.
             The game lasted 00:02:51 (6881 turns).

Flugkiller the Cleaver (Minotaur Fighter)           Turns: 6881, Time: 00:02:52

Health: -1/80      AC:  8    Str: 24    XL:     9   Next: 32%
Magic:  8/8        EV: 13    Int: 10    God:    Cheibriados [*.....]
Gold:   182        SH:  0    Dex: 17    Spells: 8/8 levels left

rFire   x . .      SeeInvis .   d - +5 battleaxe of Amortisation {drain, rF- rN+ Int+2}
rCold   + . .      Faith    .   (shield currently unavailable)
rNeg    + . .      Spirit   .   b - +0 scale mail
rPois   .          Reflect  .   (helmet restricted)
rElec   .          Harm     .   (no cloak)
rCorr   .          Rampage  .   (no gloves)
Will    .....                   (no boots)
Stlth   ..........              (no amulet)
HPRegen 0.23/turn               (no ring)
MPRegen 0.11/turn               (no ring)

@: lethally poisoned (-1 -> -11), attractive, slowed, very slow
A: horns 2, retaliatory headbutt, cold resistance 1, inability to read after
injury 1
a: Renounce Religion, Bend Time


You were on level 7 of the Dungeon.
You worshipped Cheibriados.
Cheibriados was aware of your devotion.
You visited 2 branches of the dungeon, and saw 8 of its levels.

You collected 400 gold pieces.
You spent 218 gold pieces at shops.

Inventory:

Hand Weapons
 a - a +0 war axe
 d - the +5 battleaxe of Amortisation (weapon) {drain, rF- rN+ Int+2}
   (You bought it in a shop on level 1 of the Dungeon)

   A truly terrible weapon, it drains the life of any living foe it strikes.
   Int:       It affects your intelligence (+2).
   rF:        It makes you vulnerable to fire.
   rN:        It protects you from negative energy.
Missiles
 n - 3 boomerangs of dispersal (quivered)
 o - 3 boomerangs
 C - 2 throwing nets
Armour
 b - a +0 scale mail (worn)
 c - a +0 buckler
Jewellery
 i - a ring of ice
   (You found it on level 5 of the Dungeon)
 B - an amulet of faith
   (You found it on level 6 of the Dungeon)
Wands
 h - a wand of acid (12)
   (You found it on level 3 of the Dungeon)
 s - a wand of iceblast (19)
   (You took it off Ijyb on level 4 of the Dungeon)
Scrolls
 j - 2 scrolls of silence
 k - 2 scrolls of brand weapon
 l - 2 scrolls of magic mapping
 p - a scroll of enchant weapon
 q - 3 scrolls of immolation
 r - a scroll of identify
 u - a scroll of vulnerability
 y - 2 scrolls of teleportation {unknown}
Potions
 e - a potion of ambrosia {unknown}
 f - a potion of flight
 g - 2 potions of lignification {unknown}
 m - 2 potions of heal wounds {unknown}
 t - a potion of haste {unknown}
 v - 2 potions of attraction
 x - a potion of mutation
 z - a potion of curing {unknown}
 A - a potion of cancellation {unknown}


   Skills:
 + Level 7.7 Fighting
 * Level 10.0 Axes
 + Level 7.8 Armour
 + Level 5.8 Dodging
 - Level 3.6 Shields


You had 8 spell levels left.
You didn't know any spells.
Your spell library was empty.

Dungeon Overview and Level Annotations

Branches:
Dungeon (7/15)             Temple (1/1) D:5

Altars:
Ashenzari
Cheibriados
Dithmenos
Elyvilon
Fedhas
Hepliaklqana
Kikubaaqudgha
Nemelex Xobeh
Qazlal
Ru
Sif Muna
Trog
Uskayaw
Vehumet
Wu Jian
Xom
Yredelemnul
The Shining One

Shops:
D:1 (

Annotations:
D:4 2 runed translucent doors, MisterFreud's ghost, novice GrFi


Innate Abilities, Weirdness & Mutations

You have a pair of horns on your head.
You reflexively headbutt those who attack you in melee.
Your flesh is cold resistant. (rC+)
You occasionally lose the ability to read scrolls when taking damage.


Message History

A hornet comes into view.
The hornet buzzes angrily.
You slash the orc wizard! You headbutt the orc wizard.
You kill the orc wizard!
Cheibriados appreciates the change of pace.
You hit the orc. The orc hits you but does no damage.
You hit the orc but do no damage. You headbutt the orc.
You kill the orc!
Cheibriados appreciates the change of pace.
You slash the orc!
You kill the orc!
Cheibriados appreciates the change of pace.
The orc warrior closely misses you.
You slash the black bear!
The black bear is moderately wounded.
You barely miss the orc priest. The black bear bites you.
The black bear claws you but does no damage.
The black bear barely misses you.
The orc priest hits you but does no damage.
The orc warrior barely misses you.
You barely miss the black bear. You headbutt the black bear!
The black bear is almost dead.
You barely miss the orc priest. The black bear barely misses you.
The black bear closely misses you. The black bear claws you.
The orc warrior hits you from afar with a +0 halberd!
You slice the black bear!!
You kill the black bear!
Cheibriados thoroughly appreciates the change of pace.
You slice the orc priest!!
You kill the orc priest!
Cheibriados appreciates the change of pace.
The orc warrior hits you from afar with a +0 halberd!
The hornet misses you. You furiously retaliate!
You headbutt the hornet!
Your Axes skill increases to level 10!
You completely miss the hornet. Your headbutt misses the hornet.
The hornet is moderately wounded.
You miss the sky beast.
The hornet stings you but does no damage.
The sky beast hits you but does no damage.
The orc warrior hits you from afar with a +0 halberd.
The hornet closely misses you.
The orc warrior hits you from afar with a +0 halberd!
The sky beast barely misses you.
You miss the hornet. You headbutt the hornet.
The hornet is moderately wounded.
You closely miss the sky beast. The hornet stings you!
You feel yourself slow down. The sky beast closely misses you.
You furiously retaliate!
You headbutt the sky beast, but do no damage.
The orc warrior barely misses you. The hornet stings you!
You feel as though you will be slow longer.
You miss the hornet.
The hornet is moderately wounded.
You slash the sky beast! You drain the sky beast. The hornet stings you.
You feel as though you will be slow longer.
The sky beast hits you but does no damage.
The orc warrior hits you but does no damage.
The hornet stings you.
You are poisoned.
You feel as though you will be slow longer.
The orc warrior hits you from afar with a +0 halberd!
* * * LOW HITPOINT WARNING * * *
The sky beast hits you.
* * * LOW HITPOINT WARNING * * *
The sky beast shocks you.
* * * LOW HITPOINT WARNING * * *
You are too injured to fight recklessly!
Unknown command.
The hornet attacks as you move away! The hornet closely misses you.
You furiously retaliate!
You headbutt the hornet.
* * * LOW HITPOINT WARNING * * *
You feel very sick. The hornet completely misses you.
The hornet closely misses you. The orc warrior barely misses you.
The sky beast flickers out of sight!
Deactivating autopickup; reactivate with Ctrl-A.
The hornet stings you but does no damage.
Unknown command.
It was a potion of attraction.
You feel attractive to monsters.
You feel sick. The hornet stings you.
* * * LOW HITPOINT WARNING * * *
You are more poisoned.
You feel as though you will be slow longer.
The orc warrior hits you but does no damage.
The hornet closely misses you. You furiously retaliate!
You headbutt the hornet!
Unknown command.
As you read the scroll of fear, it crumbles to dust.
You assume a fearsome visage.
The orc warrior looks frightened!
The hornet looks frightened!
* * * LOW HITPOINT WARNING * * *
You feel very sick. The hornet is attracted toward you.
The orc warrior is attracted toward you.
Something is attracted toward you.
Unknown command.
It was a potion of mutation.
You feel extremely strange.
You feel resistant to cold.
You occasionally lose the ability to read scrolls when taking damage.
You die...

##### #.# ## #(..#
#.# #. ###...# #)#
#.
.....#####)#######.
#.................
#<..####.#########
#........#
#....#####
...#####@...#
......)y...##
......o#####
....§.# ....§.
...>. ...## ###


You could see a hornet (fleeing) and an orc warrior (fleeing).

Vanquished Creatures
  Pikel (D:5)
  Sigmund (D:5)
  2 steam dragons
  Eustachio (D:5)
  Duvessa (D:5)
  A sky beast (D:6)
  A black bear (D:7)
  2 ogres (D:5)
  A phantom (D:4)
  A kobold brigand (D:7)
  4 bullfrogs (D:6)
  A necrophage (D:5)
  A scorpion (D:4)
  Dowan (D:5)
  3 hounds
  2 orc priests
  A jelly (D:6)
  2 iguanas
  Ijyb (D:4)
  Terence (D:3)
  3 orc wizards
  5 gnolls
  5 adders
  3 white imps
  4 worms
  2 dart slugs
  12 orcs
  9 ball pythons
  5 bats
  5 endoplasms
  3 giant cockroaches
  10 hobgoblins
  3 quokkas
  4 frilled lizards
  7 goblins
  11 kobolds
  3 rats
123 creatures vanquished.

Vanquished Creatures (others)
  An orc (D:4)
1 creature vanquished.

Grand Total: 124 creatures vanquished

Notes
Turn   | Place    | Note
-------+----------+-------------------------------------------
     0 | D:1      | Flugkiller the Minotaur Fighter began the quest for the
                  | Orb.
     0 | D:1      | Reached XP level 1. HP: 19/19 MP: 0/0
   261 | D:1      | Reached skill level 3 in Axes
   261 | D:1      | Reached XP level 2. HP: 27/27 MP: 1/1
   479 | D:1      | Found Hiseixel's Antique Weapon Shop.
  1029 | D:2      | Reached XP level 3. HP: 26/33 MP: 2/2
  1640 | D:3      | Reached skill level 1 in Dodging
  1844 | D:3      | Found a hide-covered altar of Uskayaw.
  1928 | D:3      | Found a sacrificial altar of Ru.
  1929 | D:3      | Found a basalt altar of Yredelemnul.
  1963 | D:3      | Found a shadowy altar of Dithmenos.
  2072 | D:3      | Reached XP level 4. HP: 40/40 MP: 3/3
  2075 | D:3      | Reached skill level 4 in Axes
  2415 | D:3      | Found a bloodstained altar of Trog.
  2467 | D:3      | Found a shimmering blue altar of Sif Muna.
  2481 | D:3      | Noticed Terence
  2490 | D:3      | Killed Terence
  2491 | D:3      | Reached XP level 5. HP: 21/47 MP: 4/4
  2794 | D:4      | Noticed Ijyb
  2814 | D:4      | Killed Ijyb
  2815 | D:4      | Reached skill level 5 in Axes
  2840 | D:4      | Noticed a phantom
  2847 | D:4      | Killed a phantom
  2848 | D:4      | Reached skill level 5 in Fighting
  2848 | D:4      | Reached skill level 5 in Armour
  2848 | D:4      | Reached XP level 6. HP: 35/56 MP: 5/5
  3565 | D:4      | Found a runed translucent door.
  3574 | D:4      | Noticed MisterFreud's ghost (novice GrFi)
  3596 | D:4      | Found a runed translucent door.
  3706 | D:5      | Entered Level 5 of the Dungeon
  3884 | D:5      | Reached skill level 6 in Axes
  4053 | D:5      | Reached XP level 7. HP: 61/61 MP: 6/6
  4198 | D:5      | Noticed Pikel
  4200 | D:5      | Found a snail-covered altar of Cheibriados.
  4205 | D:5      | Found a staircase to the Ecumenical Temple.
  4213 | D:5      | Killed Pikel
  4214 | D:5      | Reached skill level 7 in Axes
  4214 | D:5      | Reached XP level 8. HP: 39/70 MP: 7/7
  4227 | Temple   | Entered the Ecumenical Temple
  4401 | D:5      | Became a worshipper of Cheibriados the Contemplative
  4579 | D:1      | Bought a fading battleaxe for 218 gold pieces
  4579 | D:1      | Identified the +5 battleaxe of Amortisation {drain, rF- rN+
                  | Int+2} (You bought it in a shop on level 1 of the Dungeon)
  4830 | D:5      | Noticed Dowan
  4830 | D:5      | Noticed Duvessa
  4835 | D:5      | Killed Duvessa
  4836 | D:5      | Killed Dowan
  4837 | D:5      | Reached skill level 8 in Axes
  5169 | D:5      | Noticed Sigmund
  5185 | D:5      | Killed Sigmund
  5324 | D:5      | Noticed Eustachio
  5335 | D:5      | Killed Eustachio
  5626 | D:5      | Found a sparkling altar of Nemelex Xobeh.
  5798 | D:6      | Reached skill level 5 in Dodging
  5934 | D:6      | Found a glowing golden altar of the Shining One.
  6037 | D:6      | Reached skill level 9 in Axes
  6142 | D:6      | Found an ancient bone altar of Kikubaaqudgha.
  6168 | D:6      | Found a stormy altar of Qazlal.
  6374 | D:6      | Reached XP level 9. HP: 67/79 MP: 8/8
  6558 | D:6      | Found a hazy altar of Hepliaklqana.
  6792 | D:7      | Reached * piety under Cheibriados
  6875 | D:7      | Reached skill level 10 in Axes
  6880 | D:7      | HP: 2/80 [poisoned by a hornet]
  6881 | D:7      | Gained mutation: Your flesh is cold resistant. (rC+)
                  | [potion of mutation]
  6881 | D:7      | Gained mutation: You occasionally lose the ability to read
                  | scrolls when taking damage. [potion of mutation]
  6881 | D:7      | Succumbed to a hornet's poison

Illustrated notes

Levels and vault maps discovered:
D:1:      matt_arrival_los_fun, layout_loops_cross, serial_shops,
          nicolae_lakefront_shop
D:2:      layout_basic
D:3:      minmay_chambers_of_threes, layout_loops_cross,
          nzn_overflow_gifts_of_might_and_magic, lemuel_tele_altar,
          lemuel_crystal_altar, mainiacjoe_overflow_divided_tiny, uniq_terence
D:4:      layout_cave_pools, ebering_ghost_sewer_f, serial_column_ruins,
          column_ruins_open_tiny_water, column_ruins_grid_1,
          column_ruins_grid_1, column_ruins_corridor_straight,
          column_ruins_open_small, column_ruins_grid_1, column_ruins_open_small,
          uniq_ijyb
D:5:      minmay_recursive_quarters, layout_loops_corners, slow_altar_1,
          nemelex_dance_club_becter, minmay_temple_entry_statues_fountains,
          dk_rats_in_the_wall, uniq_eustachio, uniq_pikel, uniq_duvessa,
          uniq_sigmund
D:6:      layout_gridville, general_overflow_altar, tso_altar,
          mainiacjoe_overflow_concentric_impassable,
          nicolae_hepliaklqana_hippocampus
D:7:      layout_rooms, mainiacjoe_overflow_alcove_1
Temple:   hellmonk_temple_rainy

Skill      XL: |  1  2  3  4  5  6  7  8  9 |
---------------+----------------------------+-----
Axes           | 3 4 5 6 7 9 10 | 10.0
Fighting       | 4 5 6 7 |  7.7
Armour         | 4 5 6 7 |  7.8
Dodging        | 1 2 3 4 5 |  5.8
Shields        | |  3.6

Action                   |  1- 3 |  4- 6 |  7- 9 || total
-------------------------+-------+-------+-------++-------
Melee: War axe           |    85 |   109 |    19 ||   213
       Headbutt          |     8 |    16 |    14 ||    38
       Battleaxe         |       |       |    76 ||    76
  Use: Scroll            |       |     8 |     2 ||    10
       Potion            |       |       |     4 ||     4
Armor: Scale mail        |    43 |    44 |    46 ||   133
Dodge: Dodged            |    39 |    63 |    63 ||   165
Block: Buckler           |    15 |    18 |     2 ||    35
